 Dungeon Crawl Stone Soup version 0.30-a0-457-g4b7bca3bfa (webtiles) character file.

Game seed: 16824294294996727734

263 Monkooky the Cutter (level 6, -5/35 HPs)
             Began as a Kobold Reaver on Dec 12, 2022.
             Was an Initiate of Gozag.
             Killed from afar by Blork the orc (10 damage)
             ... with a puff of frost
             ... on level 6 of the Dungeon.
             The game lasted 00:17:36 (5597 turns).

Monkooky the Cutter (Kobold Reaver)                 Turns: 5597, Time: 00:17:38

Health: -5/35      AC:  9    Str:  9    XL:     6   Next: 43%
Magic:  2/9        EV: 14    Int: 16    God:    Gozag
Gold:   46         SH:  0    Dex: 14    Spells: 1/9 levels left

rFire   . . .      SeeInvis .    a - +0 short sword
rCold   . . .      Faith    .    (no shield)
rNeg    . . .      Spirit   .    b - +0 leather armour
rPois   .          Reflect  .    (no helmet)
rElec   .          Harm     .    n - +1 cloak
rCorr   .          Rampage  .    (no gloves)
Will    .....                    (no boots)
Stlth   ++........               (no amulet)
HPRegen 0.25/turn                h - +4 ring of protection
MPRegen 0.11/turn                (no ring)

@: immotile
A: small, no large weapons, nightstalker 3
a: Renounce Religion, Potion Petition, Call Merchant, Bribe Branch


You were on level 6 of the Dungeon.
You worshipped Gozag.
Gozag was noncommittal.
You visited 2 branches of the dungeon, and saw 7 of its levels.

You collected 153 gold pieces.
You spent 56 gold pieces at shops.
You paid 51 gold pieces to Gozag.

Inventory:

Hand Weapons
 a - a +0 short sword (weapon)
Missiles
 e - 3 curare-tipped darts
 t - 6 boomerangs
Armour
 b - a +0 leather armour (worn)
 n - a +1 cloak (worn)
 v - a +0 ring mail
Jewellery
 h - a +4 ring of protection (left hand)
 u - a ring of magical power
Wands
 s - a wand of flame (16)
Scrolls
 f - a scroll of magic mapping {unknown}
 g - a scroll of poison
 k - 2 scrolls of teleportation {unknown}
 l - a scroll of fear
 m - a scroll of silence {unknown}
 p - a scroll of vulnerability {unknown}
 r - 2 scrolls of enchant armour
Potions
 c - 5 potions of heal wounds {unknown}
 d - a potion of flight {unknown}
 i - 2 potions of curing {unknown}
 j - 2 potions of ambrosia {unknown}
 o - a potion of haste {unknown}
 q - 3 potions of might


   Skills:
 - Level 2.1 Fighting
 + Level 4.1 Short Blades
 - Level 2.4 Dodging
 - Level 2.1 Spellcasting
 - Level 3.6 Conjurations
 - Level 2.4 Hexes
 - Level 2.1 Translocations
 - Level 2.5 Ice Magic
 - Level 3.3 Evocations


You had one spell level left.
You knew the following spells:

 Your Spells              Type           Power      Damage    Failure   Level
a - Kiss of Death         Conj/Necr      28%        2d7       14%         1
b - Momentum Strike       Conj/Tloc      22%        3d8       13%         2
c - Ensorcelled Hibernat  Hex/Ice        18%        N/A       16%         2
d - Hailstorm             Conj/Ice       11%        3d5       24%         3

Your spell library contained the following spells:

 Spells                   Type           Power      Damage    Failure   Level
 Spider Form              Tmut/Pois      1%         N/A       65%         3
 Anguish                  Hex/Necr       2%         N/A       86%         4
 Ice Form                 Ice/Tmut       5%         N/A       86%         4
 Simulacrum               Ice/Necr       Unusable   N/A       N/A         6

Dungeon Overview and Level Annotations

Branches:
Dungeon (6/15)             Temple (1/1) D:6

Altars:
Cheibriados
Dithmenos
Gozag
Hepliaklqana
Kikubaaqudgha
Nemelex Xobeh
Okawaru
Qazlal
Vehumet
Xom

Shops:
D:2 =   D:3 *   D:5 (*

Annotations:
D:4 exclusion: downstairs
D:5 Grinder
D:6 Blork the orc, Dowan


Innate Abilities, Weirdness & Mutations

You are small and have problems with some larger weapons.
You are completely attuned to the shadows.


Message History

Blork the orc hits you with a +0 mace.
Casting: Ensorcelled Hibernation (safe; 16% risk of failure)
Confirm with . or Enter, or press ? or * to list all spells.
Aiming: Ensorcelled Hibernation (safe; 16% risk of failure)
Press: ? - help, Shift-Dir - straight line, f/p - Blork the orc
Aim: Blork the orc, wielding a +0 mace and wearing a +0 robe (heavily wounded, spells empowered, not susceptible)
Okay, then.
Unknown command.
You hit Blork the orc but do no damage.
Blork the orc is heavily wounded.
Blork the orc casts a spell.
Blork the orc seems to speed up.
Aiming: Throw Flame
Press: ? - help, Shift-Dir - straight line, f/p - Blork the orc
Aim: Blork the orc, wielding a +0 mace and wearing a +0 robe (heavily wounded, fast, spells empowered, 75% to hit)
The puff of flame hits Blork the orc.
Blork the orc is heavily wounded.
You are no longer robbed of momentum.
Blork the orc points at you and mumbles some strange words.
The puff of flame hits you. Blork the orc hits you with a +0 mace.
Aiming: Momentum Strike (safe; 13% risk of failure)
Press: ? - help, Q - select action, (/) - cycle Dir - move target, f/p - Blork the orc
Aim: Blork the orc, wielding a +0 mace and wearing a +0 robe (heavily wounded, fast, spells empowered, 72% to hit)
The concentrated momentum misses Blork the orc.
Blork the orc gestures at you while chanting.
The puff of flame hits you.
* * * LOW HITPOINT WARNING * * *
Aiming: Momentum Strike (safe; 13% risk of failure)
Press: ? - help, Q - select action, (/) - cycle Dir - move target, f/p - Blork the orc
Aim: Blork the orc, wielding a +0 mace and wearing a +0 robe (heavily wounded, fast, spells empowered, 72% to hit)
The concentrated momentum hits Blork the orc!
You are unable to move.
Blork the orc points at you and mumbles some strange words.
The puff of flame hits you.
* * * LOW HITPOINT WARNING * * *
Blork the orc screams, "I'll rip your head off!"
Blork the orc points at you and mumbles some strange words.
The puff of frost hits you!
You die...
Your body crumbles into a pile of gold.

##...###......#
...###.....#.##
.####........#
###.........###
>.........#.8.## .#
..###..........# #..
.###......8.>.8###...
.#...###.........o...
..........#.8.#.@....
.#######........###..
## ##..<...####
####..#....#
###.....#....#
#.....###....#
...###########
.........#####
.............#


You could see Blork the orc (fast, empowered).

Vanquished Creatures
  2 black bears (D:5)
  A bullfrog (D:6)
  A scorpion (D:6)
  An adder (D:3)
  A gnoll (D:3)
  2 ufetubi (D:4)
  A worm (D:2)
  A dart slug (D:1)
  9 orcs
  4 bats
  3 endoplasms
  A giant cockroach (D:4)
  A hobgoblin (D:1)
  A jackal (D:3)
  A quokka (D:1)
  5 ball pythons
  2 frilled lizards (D:2)
  5 goblins (D:1)
  3 kobolds
  4 rats
49 creatures vanquished.

Vanquished Creatures (others)
  Eustachio (D:5)
  A phantom (D:4)
  A gnoll sergeant (D:4)
  A scorpion (D:4)
  An orc priest (D:3)
  An iguana (D:5)
  An orc wizard (D:3)
  3 gnolls
  5 adders
  A dart slug (D:3)
  6 orcs
  A ball python (D:2)
  An endoplasm (D:4)
  2 giant cockroaches
  3 goblins
  4 hobgoblins
  A jackal (D:3)
  5 kobolds
  2 quokkas
  2 rats
  4 plants (D:4)
47 creatures vanquished.

Grand Total: 96 creatures vanquished

Notes
Turn   | Place    | Note
-------+----------+-------------------------------------------
     0 | D:1      | Monkooky the Kobold Reaver began the quest for the Orb.
     0 | D:1      | Reached XP level 1. HP: 12/12 MP: 3/3
   146 | D:1      | Reached XP level 2. HP: 13/17 MP: 5/5
   181 | D:1      | Learned a level 2 spell: Momentum Strike
   395 | D:1      | Reached skill level 1 in Translocations
   702 | D:2      | Learned a level 2 spell: Ensorcelled Hibernation
   766 | D:2      | Reached XP level 3. HP: 21/21 MP: 6/6
   926 | D:2      | Found Waura's Jewellery Emporium.
  1182 | D:2      | Reached skill level 1 in Ice Magic
  1368 | D:2      | Reached skill level 1 in Hexes
  1778 | D:3      | Reached XP level 4. HP: 26/26 MP: 1/7
  2623 | D:3      | Found Locemot's General Store.
  2629 | D:3      | Bought a potion of might for 56 gold pieces
  2991 | D:4      | Noticed a gnoll sergeant
  3099 | D:4      | Killed a gnoll sergeant
  3262 | D:4      | Noticed a phantom
  3323 | D:4      | Killed a phantom
  3324 | D:4      | Reached XP level 5. HP: 14/30 MP: 3/8
  3789 | D:4      | Found a shadowy altar of Dithmenos.
  4031 | D:3      | Reached skill level 1 in Evocations
  4514 | D:5      | Entered Level 5 of the Dungeon
  4739 | D:5      | Found Owuoleug's Assorted Antiques.
  4748 | D:5      | Found Peuded's Antique Weapon Emporium.
  4775 | D:5      | Noticed a black bear
  4784 | D:5      | Killed a black bear
  4881 | D:5      | Noticed a black bear
  4884 | D:5      | Noticed Grinder
  4886 | D:5      | Killed a black bear
  4887 | D:5      | Reached XP level 6. HP: 34/35 MP: 6/9
  5013 | D:5      | Noticed Eustachio
  5032 | D:5      | Killed Eustachio
  5131 | D:5      | Noticed an ogre
  5132 | D:5      | Paralysed by Grinder for 5 turns
  5253 | D:6      | Learned a level 3 spell: Hailstorm
  5280 | D:6      | Found a staircase to the Ecumenical Temple.
  5286 | Temple   | Entered the Ecumenical Temple
  5289 | Temple   | Found a transporter.
  5289 | Temple   | Found a transporter.
  5291 | Temple   | Found a transporter.
  5291 | Temple   | Found a transporter.
  5375 | Temple   | Became a worshipper of Gozag Ym Sagoz the Greedy
  5440 | D:6      | Noticed Dowan
  5582 | D:6      | Noticed Blork the orc
  5597 | D:6      | Killed from afar by Blork the orc

Illustrated notes

Levels and vault maps discovered:
D:1:      lightli_arrival_flooded_house, layout_rooms
D:2:      layout_loops_ring, serial_shops, nicolae_lakefront_shop
D:3:      layout_loops_corners, serial_shops, shop
D:4:      cheibrodos_old_hovel, layout_basic, grunt_dithmenos_smoke_and_mirrors
D:5:      layout_cave_pools, serial_shops, kennysheep_little_box,
          nicolae_shop_hallway_stairs, shop, uniq_eustachio, uniq_grinder,
          uniq_menkaure
D:6:      minmay_skewed_foursquare, layout_rooms,
          minmay_temple_entry_statues_pillars, serial_shops, shop, uniq_duvessa,
          uniq_blork_the_orc, uniq_sigmund
Temple:   hellmonk_temple_divided_pantheon

Skill      XL: |  1  2  3  4  5  6 |
---------------+-------------------+-----
Translocations | 1 2 |  2.1
Ice Magic      | 1 2 |  2.5
Hexes          | 1 2 |  2.4
Evocations     | 3 |  3.3
Fighting       | |  2.1
Short Blades   | |  4.1
Dodging        | |  2.4
Spellcasting   | |  2.1
Conjurations   | |  3.6

Action                   |  1- 3 |  4- 6 || total
-------------------------+-------+-------++-------
Melee: Short sword       |   106 |   180 ||   286
       Punch             |     1 |     2 ||     3
 Cast: Momentum Strike   |    14 |    60 ||    74
       Ensorcelled Hiber |     3 |    17 ||    20
Evoke: Wand              |       |     7 ||     7
  Use: Scroll            |       |     4 ||     4
 Stab: Sleeping          |    13 |    10 ||    23
Armor: Leather armour    |    29 |   108 ||   137
Dodge: Dodged            |    76 |   187 ||   263

Table legend: (Time is in decaauts)
 A = Elapsed time spent in this place.
 B = Non-inter-level travel time spent in this place.
 C = Inter-level travel time spent in this place.
 D = Time resting spent in this place.
 E = Time spent auto-exploring this place.
 F = Levels seen in this place.
 G = Mean time per level.
                   A        B        C        D        E       F      G
               +--------+--------+--------+--------+--------+-----+--------+
         Total |   5550 |   5352 |    198 |    486 |   3883 |   7 |  792.9 |
       Dungeon |   5447 |   5249 |    198 |    486 |   3848 |   6 |  907.8 |
        Temple |    102 |    102 |      0 |      0 |     35 |   1 |  102.0 |
               +--------+--------+--------+--------+--------+-----+--------+

Top non-repeatable levels by time:
     D:3: 1789 daAuts
     D:4: 1425 daAuts
     D:2: 913 daAuts
     D:1: 617 daAuts
     D:5: 376 daAuts
     D:6: 326 daAuts
  Temple: 102 daAuts
